 Dungeon Crawl Stone Soup version 0.28-a0-769-g550dbda0cd (webtiles) character file.

Game seed: 6698815900608613668

104 funkygono the Firebug (level 5, -1/35 HPs)
             Began as a Formicid Fire Elementalist on Nov 1, 2021.
             Engulfed by a cloud of flame (23 damage)
             ... on level 3 of the Dungeon.
             The game lasted 00:05:21 (3401 turns).

funkygono the Firebug (Formicid Fire Elementalist)  Turns: 3401, Time: 00:05:21

Health: -1/35      AC:  4    Str: 13    XL:     5   Next: 7%
Magic:  1/9        EV: 19    Int: 15    God:
Gold:   149        SH:  0    Dex: 11    Spells: 0/10 levels left

rFire   . . .      SeeInvis +   i - +0 whip
rCold   . . .      Faith    .   (no shield)
rNeg    . . .      Spirit   .   q - +1 leather armour
rPois   .          Reflect  .   (helmet unavailable)
rElec   .          Harm     .   (no cloak)
rCorr   .          Rampage  .   (no gloves)
Will    .....                   (no boots)
Stlth   ++........              (no amulet)
HPRegen 0.11/turn               r - +4 ring of evasion
MPRegen 0.11/turn               p - +4 ring of evasion

@: very slightly contaminated
A: permanent stasis, dig shafts and tunnels, antennae 3, four strong arms
a: Dig, Shaft Self


You were on level 3 of the Dungeon.
You visited 1 branch of the dungeon, and saw 3 of its levels.

You collected 149 gold pieces.

Inventory:

Hand Weapons
 i - a +0 whip (weapon)
Missiles
 d - 172 stones
Armour
 a - a +0 robe
 q - a +1 leather armour (worn)
Jewellery
 p - a +4 ring of evasion (right hand)
 r - a +4 ring of evasion (left hand)
Wands
 k - a wand of iceblast (10)
Scrolls
 b - 2 scrolls of identify
 f - a scroll of enchant weapon {unknown}
 g - 3 scrolls of immolation
 m - 2 scrolls of teleportation
Potions
 c - a potion of brilliance {unknown}
 e - a potion of attraction
 h - a potion of invisibility
 j - 2 potions of might {unknown}
 l - a potion of ambrosia {unknown}
 n - a potion of heal wounds {unknown}
 o - a potion of flight {unknown}
 s - a potion of curing {unknown}


   Skills:
 + Level 0.2 Fighting
 + Level 0.7 Maces & Flails
 + Level 0.3 Armour
 + Level 2.1 Dodging
 + Level 2.6 Stealth
 + Level 0.2 Unarmed Combat
 + Level 3.1 Spellcasting
 + Level 1.7 Conjurations
 + Level 3.8 Fire Magic


You couldn't memorise any spells.
You knew the following spells:

 Your Spells              Type           Power      Damage    Failure   Level
a - Foxfire               Conj/Fire      40%        2x1d6     8%          1
b - Scorch                Fire           26%        2d6       8%          2
c - Conjure Flame         Conj/Fire      10%        6-21      24%         3
d - Flame Wave            Conj/Fire      10%        3d4       61%         4

Your spell library contained the following spells:

 Spells                   Type           Power      Damage    Failure   Level
 Inner Flame              Hex/Fire       8%         N/A       34%         3


Dungeon Overview and Level Annotations

Branches:
Dungeon (3/15)

Altars:


Innate Abilities, Weirdness & Mutations

You cannot be hasted, slowed, berserked, paralysed or teleported.
You can dig through walls and to a lower floor.
You have a pair of large antennae on your head. (SInv)
Your four strong arms can wield two-handed weapons with a shield.


Message History

Press: ? - help, Dir - look around, f - activate You miscast Flame Wave.
You are blasted with searing flames!
Unknown command.
You start resting.
Your magical contamination has completely faded away.
You start resting.
Magic restored.
You see here a pink potion.
s - a pink potion You start resting.
HP restored.
Casting: Flame Wave (potentially lethal; 61% risk of failure)
Confirm with . or Enter, or press ? or * to list all spells.
The spell is potentially lethal to cast (61% risk of failure)!
Continue anyway?
Casting: Flame Wave (potentially lethal; 61% risk of failure)
Press: ? - help, Dir - look around, f - activate You miscast Flame Wave.
You are very lightly contaminated with residual magic.
Fire whirls out from your hands!
Unknown command.
Casting: Flame Wave (potentially lethal; 61% risk of failure)
Confirm with . or Enter, or press ? or * to list all spells.
You don't know that spell.
Unknown command.
Casting: Flame Wave (potentially lethal; 61% risk of failure)
Confirm with . or Enter, or press ? or * to list all spells.
You don't know that spell.
Unknown command.
Casting: Flame Wave (potentially lethal; 61% risk of failure)
Confirm with . or Enter, or press ? or * to list all spells.
The spell is potentially lethal to cast (61% risk of failure)!
Continue anyway?
Casting: Flame Wave (potentially lethal; 61% risk of failure)
Press: ? - help, Dir - look around, f - activate A wave of flame ripples out!
The tree burns like a torch! (Press . to intensify the flame waves.)
The forest fire spreads!
Unknown command.
You are engulfed in blazing flames.
Ouch! That really hurt!
You die...

#........♣♣♣.♣♣♣..P♣♣♣.♣♣P.
#.......♣♣♣.♣♣♣..♣P♣♣♣♣.P♣♣
#.......♣P♣♣♣♣P♣..♣.♣♣..♣♣.
#.......♣P♣♣♣......♣.♣♣♣♣..
#####...♣..♣♣♣♣...♣P♣.♣♣..P
#..♣♣♣§§.....♣.♣♣♣P.♣P♣
#..§§§§♣♣.....♣♣.P♣♣.♣P
###########..♣§§§§..♣.♣..♣♣.PP...
...........>.♣§§@♣.♣..≈..♣.PP....
##########...§§§♣....≈♣...♣P.....
<.# ####.......P♣.≈§♣≈♣≈........
<.####.......♣....§§≈≈≈♣..P.P♣...
.......###...♣♣♣...§P§≈≈≈...♣♣P.P
..............♣P...§♣≈≈≈.≈...♣♣..
........##....♣.♣.§♣≈≈.♣≈....P♣..
...####.##...♣♣♣...≈≈≈≈)≈♣....♣♣P
.....##.##...♣♣.P♣≈♣♣≈.≈≈≈....P♣♣


There were no monsters in sight!

Vanquished Creatures
  4 adders
  2 dart slugs
  7 bats
  3 endoplasms
  3 giant cockroaches
  4 goblins
  8 hobgoblins
  4 jackals (D:1)
  3 quokkas
  5 ball pythons
  5 frilled lizards
  6 kobolds
  6 rats
60 creatures vanquished.

Vanquished Creatures (collateral kills)
  9 foxfires (D:3)
9 creatures vanquished.

Vanquished Creatures (others)
  167 foxfires
  11 plants (D:3)
178 creatures vanquished.

Grand Total: 247 creatures vanquished

Notes
Turn   | Place    | Note
-------+----------+-------------------------------------------
     0 | D:1      | funkygono the Formicid Fire Elementalist began the quest
                  | for the Orb.
     0 | D:1      | Reached XP level 1. HP: 13/13 MP: 3/3
   195 | D:1      | Reached XP level 2. HP: 19/19 MP: 0/5
   344 | D:1      | Learned a level 2 spell: Scorch
   496 | D:1      | Reached skill level 1 in Conjurations
   845 | D:1      | Reached XP level 3. HP: 24/24 MP: 4/6
  1361 | D:1      | Learned a level 3 spell: Conjure Flame
  1940 | D:2      | Reached XP level 4. HP: 30/30 MP: 6/8
  2679 | D:3      | Found a faded altar of an unknown god.
  2690 | D:3      | Reached XP level 5. HP: 35/35 MP: 6/9
  2695 | D:3      | Learned a level 4 spell: Flame Wave
  3401 | D:3      | Engulfed by a cloud of flame

Illustrated notes

Levels and vault maps discovered:
D:1:      wander_arrival_estate, layout_loops_ring
D:2:      layout_rooms, minmay_quadrilaterals
D:3:      wad_woods_pond, layout_rooms, ebering_ecumenical_altar_abandoned

Skill      XL: |  1  2  3  4 |
---------------+-------------+-----
Dodging        | 2 |  2.1
Conjurations   | 1 |  1.7
Spellcasting   | 3 |  3.1
Fighting       | |  0.2
Maces & Flails | |  0.7
Armour         | |  0.3
Stealth        | |  2.6
Unarmed Combat | |  0.2
Fire Magic     | |  3.8

Action                   |  1- 3 |  4- 6 || total
-------------------------+-------+-------++-------
Melee: Unarmed           |     8 |       ||     8
       Whip              |    10 |    26 ||    36
 Cast: Foxfire           |    72 |    42 ||   114
       Scorch            |       |     1 ||     1
       Flame Wave        |       |     1 ||     1
  Use: Scroll            |       |     8 ||     8
Armor: Robe              |     1 |       ||     1
       Leather armour    |       |     6 ||     6
Dodge: Dodged            |    19 |    19 ||    38

Table legend: (Time is in decaauts)
 A = Elapsed time spent in this place.
 B = Non-inter-level travel time spent in this place.
 C = Inter-level travel time spent in this place.
 D = Time resting spent in this place.
 E = Time spent auto-exploring this place.
 F = Levels seen in this place.
 G = Mean time per level.
                   A        B        C        D        E       F      G
               +--------+--------+--------+--------+--------+-----+--------+
         Total |   3403 |   3376 |     27 |    211 |   2564 |   3 | 1134.3 |
       Dungeon |   3403 |   3376 |     27 |    211 |   2564 |   3 | 1134.3 |
               +--------+--------+--------+--------+--------+-----+--------+

Top non-repeatable levels by time:
     D:1: 1379 daAuts
     D:3: 1240 daAuts
     D:2: 783 daAuts
